 Dungeon Crawl Stone Soup version 0.18-a0-845-gc59c8fa (webtiles) character file.

1509 Proton the Ruffian (level 8, -1/43 HPs)
             Began as a Vine Stalker Monk on Dec 20, 2015.
             Succumbed to an orc's poison
             ... on level 5 of the Dungeon.
             The game lasted 00:11:21 (4446 turns).

Proton the Ruffian (Vine Stalker Monk)              Turns: 4446, Time: 00:11:21

Health: -1/43      AC: 10    Str: 22    XL:     8   Next: 82%
Magic:  6/9        EV: 10    Int: 10    God:
Gold:   415        SH:  0    Dex: 16    Spells: 0 memorised, 7 levels left

rFire  + . .     SeeInvis .       - Unarmed
rCold  . . .     Gourm    .     e - +0 chain mail
rNeg   . . .     Faith    .     (no shield)
rPois  .         Spirit   +     g - +1 hat
rElec  .         Dismiss  .     (no cloak)
rCorr  .         Reflect  .     (no gloves)
SustAt .         Harm     .     (no boots)
MR     +....                    (no amulet)
Stlth  ..........               y - ring of protection from fire
                                w - +5 ring of strength

@: lethally poisoned (-1 -> -8), somewhat resistant to hostile enchantments,
extremely unstealthy
A: fangs 3, regeneration 2, magic shield, antimagic bite, no device heal 3, rot
immunity
a: no special abilities


You were on level 5 of the Dungeon.
You were not hungry.

You visited 1 branch of the dungeon, and saw 6 of its levels.
You also visited: Sewer.

You collected 415 gold pieces.

Inventory:

Armour
 e - a +0 chain mail (worn)
 g - a +1 hat (worn)
Jewellery
 w - a +5 ring of strength (left hand)
 y - a ring of protection from fire (right hand)
Scrolls
 a - 4 scrolls of teleportation {unknown}
 d - 6 scrolls of identify {unknown}
 f - 2 scrolls of noise {unknown}
 h - 6 scrolls of remove curse {unknown}
 k - 2 scrolls of enchant weapon {unknown}
 l - a scroll of amnesia {unknown}
 n - a scroll of blinking {unknown}
 q - a scroll of enchant armour {unknown}
 t - a scroll of fog {unknown}
Potions
 c - a potion of curing {unknown}
 i - a potion of invisibility {unknown}
 j - a potion of cancellation {unknown}
 p - a potion of cure mutation {unknown}
 u - a potion of lignification {unknown}
 x - a potion of ambrosia {unknown}
Comestibles
 b - 2 bread rations
 r - 2 meat rations


   Skills:
 + Level 5.0 Fighting
 + Level 3.9 Armour
 + Level 4.4 Dodging
 - Level 2.4 Stealth
 * Level 7.9 Unarmed Combat


You had 7 spell levels left.
You didn't know any spells.

Dungeon Overview and Level Annotations

Branches:
Dungeon (6/15)             Temple (0/1) D:6

Altars:
Kikubaaqudgha
Qazlal
Trog
Xom
The Shining One

Annotations:
D:5 1 runed door


Innate Abilities, Weirdness & Mutations

You have razor-sharp teeth.
You heal very quickly.
When hurt, damage is shared between your health and your magic reserves.
Your bite disrupts and absorbs the magic of your enemies.
Potions and wands cannot restore your health.
You are immune to rotting.


Message History

You kill the orc priest!
* * * LOW HITPOINT WARNING * * *
You feel sick. The orc barely misses you. The orc hits you but does no damage.
The orc hits you with a short sword of venom.
* * * LOW HITPOINT WARNING * * *
* * * LOW HITPOINT WARNING * * *
You feel sick. The orc barely misses you. The orc closely misses you.
The orc barely misses you.
Things that are here:
a mace; a scale mail; an orc corpse
* * * LOW HITPOINT WARNING * * *
You feel sick. The orc hits you but does no damage.
The orc hits you but does no damage.
* * * LOW HITPOINT WARNING * * *
You feel sick.
* * * LOW HITPOINT WARNING * * *
You feel sick.
* * * LOW HITPOINT WARNING * * *
You feel sick.
You die...

#........#
#........##############
#........##....>#.....##
#........#.....).......#####
#####......................##
######.........o.............#
.......##.......oo.....###...#
.......###............##g##..##
.......# #......@....###.###..#
##.##### #..........####.####.#
...########.........#>.g_..g#.#
..........##.....#..###+.####.#
.########........#...###g###..#
....# ##......###...##g##..##
###.### #..........#..###...##
# #...####......##............#
#####....#........#####.......#


You could see a gnoll (wandering) and 3 orcs.

Vanquished Creatures
  Eustachio (D:5)
  A sky beast (D:4)
  The ghost of Leszczynek the Cudgeler, an amateur OgAr (D:3)
  An ice beast (D:5)
  A big kobold (D:6)
  2 giant frogs
  2 scorpions
  A giant frog zombie (D:5)
  An orc wizard (D:4)
  6 orc priests
  A jelly (D:5)
  3 hounds
  An iguana (D:4)
  3 worker ants
  Robin (D:2)
  12 adders
  11 oozes
  A worm (D:4)
  2 adder skeletons
  11 giant geckos
  10 orcs
  8 bats
  15 giant cockroaches
  26 goblins
  13 hobgoblins
  4 jackals
  8 ball pythons (Sewer)
  19 giant newts
  A jackal skeleton (D:6)
  13 kobolds
  4 quokkas
  22 rats
206 creatures vanquished.

Notes
Turn   | Place    | Note
--------------------------------------------------------------
     0 | D:1      | Proton the Vine Stalker Monk began the quest for the Orb.
     0 | D:1      | Reached XP level 1. HP: 11/11 MP: 2/2
    38 | D:1      | Reached XP level 2. HP: 16/16 MP: 3/3
   303 | D:1      | Reached XP level 3. HP: 20/20 MP: 4/4
   639 | D:2      | Reached skill level 1 in Armour
   696 | D:2      | Reached XP level 4. HP: 24/24 MP: 5/5
   782 | D:2      | You fall through a shaft for 2 floors!
   850 | D:4      | Found a glowing drain.
   882 | D:4      | Reached XP level 5. HP: 26/28 MP: 6/6
   896 | Sewer    | Entered a sewer
   914 | Sewer    | Reached skill level 5 in Unarmed Combat
  1267 | Sewer    | Gained mutation: You heal very quickly. [Vine Stalker growth]
  1267 | Sewer    | Reached XP level 6. HP: 21/32 MP: 5/7
  1785 | D:4      | Reached XP level 7. HP: 30/37 MP: 8/8
  2173 | D:3      | Reached skill level 6 in Unarmed Combat
  2176 | D:3      | Noticed Leszczynek's ghost (amateur OgAr)
  2264 | D:2      | Noticed Robin
  2302 | D:2      | Killed Robin
  3164 | D:3      | Found a stormy altar of Qazlal.
  3246 | D:3      | Killed Leszczynek's ghost
  3456 | D:3      | Found an ancient bone altar of Kikubaaqudgha.
  3613 | D:3      | Found a shimmering altar of Xom.
  3667 | D:5      | Entered Level 5 of the Dungeon
  3698 | D:5      | Gained mutation: You have razor-sharp teeth. [Vine Stalker growth]
  3698 | D:5      | Reached XP level 8. HP: 22/42 MP: 9/9
  3727 | D:5      | Noticed Eustachio
  3808 | D:5      | Killed Eustachio
  3808 | D:5      | Reached skill level 7 in Unarmed Combat
  4019 | D:5      | Found a bloodstained altar of Trog.
  4136 | D:5      | Found a glowing golden altar of the Shining One.
  4136 | D:5      | Noticed an angel
  4137 | D:5      | Found a runed door.
  4338 | D:6      | Reached skill level 5 in Fighting
  4347 | D:6      | Found a staircase to the Ecumenical Temple.
  4444 | D:5      | HP: 1/43 [poisoned by an orc]
  4446 | D:5      | Succumbed to an orc's poison

Vault maps used:
D:1:      erik_arrival_orb_chamber
D:2:      serial_bayou_pond_b, uniq_robin
D:3:      overflow_temple_1_default, nicolae_overflow_hidden_temple,
          minmay_goblin_kobold_house
D:4:      gup_sewer_entry_glass, first_bread
D:5:      nicolae_overflow_crystal_walls, lemuel_angel_altar, uniq_eustachio
D:6:      fiery_altar_vehumet, kennysheep_mini, gammafunk_temple_overflow_pools,
          minmay_temple_entry_grid, basic_altar
Sewer:    sewer_frog_island_02

Action                   |  1- 3 |  4- 6 |  7- 9 || total
-------------------------+-------+-------+-------++-------
Melee: Unarmed           |   134 |   265 |   302 ||   701
 Stab: Sleeping          |     2 |       |       ||     2
  Eat: Bread ration      |       |     1 |       ||     1
       Meat ration       |       |       |     1 ||     1
       Beef jerky        |       |       |     1 ||     1
       Pizza             |       |       |     1 ||     1
